 Dungeon Crawl Stone Soup version 0.30.0-18-gc0e69614cb (webtiles) character file.

Game seed: 11417205202027418128

2587 Irreverend the Nimble (level 9, -3/43 HPs)
             Began as a Felid Summoner on May 25, 2023.
             Was an Initiate of Gozag.
             Slain by a steam dragon (11 damage)
             ... on level 9 of the Dungeon.
             The game lasted 00:38:05 (13302 turns).

Irreverend the Nimble (Felid Summoner)             Turns: 13302, Time: 00:38:06

Health: -3/43      AC:  2    Str:  4    XL:     9   Next: 32%
Magic:  16/21      EV: 24    Int: 27    God:    Gozag
Gold:   4094       SH:  0    Dex: 17    Spells: 10/23 levels left
                                        Lives:  0   Deaths: 3

rFire   . . .        (weapon unavailable)
rCold   + . .        (shield unavailable)
rNeg    . . .        (body armour unavailable)
rPois   .            (helmet unavailable)
rElec   .            (cloak unavailable)
rCorr   .            (gloves unavailable)
SInv    +            (boots unavailable)
Will    +....        g - amulet of magic regeneration
Stlth   ++           J - +6 ring of intelligence
HPRegen 0.27/turn    w - ring of protection from cold
MPRegen 0.57/turn

%: no passive effects
@: studying Poison Magic, quick
A: very small, claws 1, fangs 3, see invisible, speed 1, shaggy fur 2, stealthy
paws, no weapons or thrown items, no armour, multi-lived
a: Renounce Religion, Potion Petition, Call Merchant, Bribe Branch


You were on level 9 of the Dungeon.
You worshipped Gozag.
Gozag was most pleased with you.
You visited 2 branches of the dungeon, and saw 10 of its levels.
You also visited: Bailey.

You collected 4160 gold pieces.
You paid 66 gold pieces to Gozag.

Inventory:

Jewellery
 g - an amulet of magic regeneration (around neck)
 h - an amulet of faith
 i - a ring of ice
 m - an amulet of reflection
 w - a ring of protection from cold (right paw)
 E - an amulet of the acrobat
 F - a ring of ice
 J - a +6 ring of intelligence (left paw)
Wands
 n - a wand of light (10)
 v - a wand of flame (33)
Scrolls
 b - a scroll of amnesia {unknown}
 c - 2 scrolls of fear {unknown}
 f - 2 scrolls of magic mapping {unknown}
 k - 3 scrolls of enchant weapon {unknown}
 o - 6 scrolls of teleportation {unknown}
 p - 8 scrolls of identify {unknown}
 q - 2 scrolls of immolation {unknown}
 r - a scroll of enchant armour {unknown}
 t - 2 scrolls of torment {unknown}
 y - a scroll of vulnerability {unknown}
 z - 4 scrolls of butterflies {unknown}
 B - 3 scrolls of fog {unknown}
 H - a scroll of blinking {unknown}
Potions
 a - 2 potions of magic
 d - 3 potions of flight {unknown}
 e - a potion of invisibility {unknown}
 j - 4 potions of curing
 l - 2 potions of lignification {unknown}
 s - a potion of ambrosia {unknown}
 u - 2 potions of haste
 x - 4 potions of heal wounds {unknown}
 A - a potion of berserk rage {unknown}
 C - a potion of degeneration {unknown}
 D - a potion of resistance {unknown}
 G - 2 potions of mutation {unknown}
 I - a potion of cancellation {unknown}


   Skills:
 + Level 7.4 Fighting
 + Level 10.1 Dodging
 - Level 2.6 Stealth
 + Level 7.6 Spellcasting
 - Level 5.0 Hexes
 + Level 9.0 Summonings
 + Level 5.8 Air Magic


You had 10 spell levels left.
You knew the following spells:

 Your Spells              Type           Power      Damage    Failure   Level
a - Summon Small Mammal   Summ           100%       N/A       1%          1
b - Call Imp              Summ           100%       N/A       1%          2
c - Call Canine Familiar  Summ           56%        N/A       1%          3
d - Summon Guardian Gole  Hex/Summ       48%        N/A       1%          3
e - Summon Lightning Spi  Summ/Air       50%        N/A       2%          4

Your spell library contained the following spells:

 Spells                   Type           Power      Damage    Failure   Level
 Shock                    Conj/Air       100%       1d9       1%          1
 Swiftness                Air            41%        N/A       1%          3
 Tukima's Dance           Hex            37%        N/A       2%          3
 Ensorcelled Hibernation  Hex/Ice        46%        N/A       3%          2
 Airstrike                Air            20%        2d(3-19)  4%          4
 Beastly Appendage        Tmut           20%        N/A       5%          1
 Magic Dart               Conj           40%        1d5       5%          1
 Passwall                 Tmut/Erth      8%         N/A       9%          2
 Scorch                   Fire           20%        2d5       9%          2
 Searing Ray              Conj           20%        2d5       9%          2
 Sublimation of Blood     Necr           10%        N/A       9%          2
 Wereblood                Tmut           10%        N/A       9%          2
 Gell's Gravitas          Tloc           10%        N/A       17%         3
 Ozocubu's Armour         Ice            10%        N/A       17%         3
 Spider Form              Tmut/Pois      10%        N/A       17%         3
 Teleport Other           Tloc           10%        N/A       17%         3
 Anguish                  Hex/Necr       11%        N/A       21%         4
 Fulminant Prism          Conj/Hex       11%        3d9       21%         4
 Summon Cactus Giant      Summ           28%        N/A       21%         6
 Flame Wave               Conj/Fire      10%        2d6       50%         4
 Petrify                  Tmut/Erth      10%        N/A       50%         4
 Blade Hands              Tmut           5%         N/A       83%         5
 Irradiate                Conj/Tmut      5%         3d13      83%         5
 Dispersal                Tloc           5%         N/A       100%        6
 Haunt                    Necr/Summ      17%        N/A       100%        7
 Ozocubu's Refrigeration  Ice            5%         4d8       100%        7
 Infestation              Necr           5%         N/A       100%        8
 Portal Projectile        Hex/Tloc       Unusable   N/A       N/A         3
 Animate Dead             Necr           Unusable   N/A       N/A         4

Dungeon Overview and Level Annotations

Branches:
Dungeon (9/15)             Temple (1/1) D:5          Bailey (visited)
   Lair: D:8-11         Orc: D:9-12

Altars:
Cheibriados
Dithmenos
Elyvilon
Fedhas
Gozag
Hepliaklqana
Kikubaaqudgha
Makhleb
Nemelex Xobeh
Okawaru
Sif Muna
Trog
Uskayaw
Vehumet
Wu Jian
Xom
Yredelemnul
Zin
The Shining One

Shops:
D:3 (


Innate Abilities, Weirdness & Mutations

You have sharp claws.
You have razor-sharp teeth.
You have supernaturally acute eyesight. (SInv)
You cover ground quickly. (Speed+)
You are covered in thick fur. (AC +2)
Your paws help you pounce on unaware monsters.
You are incapable of wielding weapons or throwing items.
You cannot wear armour.
You gain extra lives every three experience levels.


Message History

Casting: Call Canine Familiar (safe; 1% risk of failure)
Confirm with . or Enter, or press ? or * to list all spells.
Your warg barely misses the steam dragon.
The steam dragon breathes steam at you. The ball of steam misses you.
Your warg barely misses the steam dragon.
You hear a shout!
Your warg is engulfed in a cloud of scalding steam.
What are your orders? t - Meow!
Orders for allies: a - Attack new target. r - Retreat! s - Stop attacking. g - Guard the area. f - Follow me.
Anything else - Cancel.
Gang up on whom?
Press: ? - help, Dir - move target, f - steam dragon
Aim: a steam dragon Attack!
You are engulfed in a cloud of scalding steam.
Your warg bites the steam dragon but does no damage.
Your warg bites the steam dragon.
The steam dragon breathes steam at you. The ball of steam hits your warg!!
Your warg dies!
Your warg's corpse disappears in a puff of smoke!
The ball of steam hits you!
A kobold brigand comes into view.
It is wielding a +0 dagger and quivering poisoned darts.
Casting: Call Canine Familiar (safe; 1% risk of failure)
Confirm with . or Enter, or press ? or * to list all spells.
The steam dragon bites you!
* * * LOW HITPOINT WARNING * * *
The steam dragon closely misses you.
Casting: Call Canine Familiar (safe; 1% risk of failure)
Confirm with . or Enter, or press ? or * to list all spells.
A guardian golem appears, shielding your allies.
The steam dragon completely misses you. The steam dragon misses you.
Your wolf bites the steam dragon but does no damage.
Your wolf bites the steam dragon!
The steam dragon bites you!
You die...
Your body crumbles into a pile of gold.

#.##.##.# #.#.....
###......
#.......###......##
#....>###
###.......####.###
###.#.#.#
#..####.####.#####.#.#.#.#
#..####.##..K..##......#.#
#....##.##............##.#
#.##.##.##......##.#..##)#
#....<..##..Dh§.##.......#
#.#..#####9@§...#####..###
#...## ######........#
##.## ########.# #.#
######### #.# ##.##
#.......# #.#
#...###.......###### #.#
#..........#....(..###.#
#...###.##.#..##.......#
##### #.##.#..##.#)#####


You could see a steam dragon (ally target), a kobold brigand, a friendly
guardian golem (summoned) and a friendly wolf (summoned, sheltered).

Vanquished Creatures
  A crimson imp (D:3)
  An orc (Bailey)
  An endoplasm (D:2)
  A hobgoblin (Bailey)
4 creatures vanquished.

Vanquished Creatures (collateral kills)
  2 two-headed ogres (D:9)
  Maggie (D:8)
  Grinder (D:3)
  A wyvern (D:7)
  A steam dragon (D:9)
  Edmund (D:5)
  An orc warrior (D:9)
  A centaur (D:7)
  2 phantoms
  A kobold brigand (D:6)
  2 bullfrogs
  A nameless horror (D:7)
  2 scorpions
  3 wights (D:7)
  2 howler monkeys
  An orc priest (D:8)
  3 hounds
  2 jellies (D:8)
  Jessica (D:3)
  2 iguanas (D:6)
  7 orc wizards
  A gnoll (Bailey)
  12 adders
  5 white imps
  An ufetubus (D:5)
  2 dart slugs (D:2)
  26 orcs
  4 ball pythons
  4 bats
  9 endoplasms
  A giant cockroach (D:1)
  13 goblins
  10 hobgoblins
  5 quokkas
  4 frilled lizards
  28 kobolds
  8 rats
171 creatures vanquished.

Vanquished Creatures (others)
  An orc warlord (Bailey)
  Amaemon (D:9)
  Pikel (D:4)
  An orange demon (D:9)
  The ghost of JanusIIV the Ruffian, an amateur TrFi (D:4)
  2 trolls (D:9)
  3 shadows (D:9)
  A yak (D:9)
  A wyvern (D:9)
  3 orc warriors
  2 ice beasts
  2 black bears
  An ogre (D:6)
  2 centaurs
  4 lemures (D:4)
  A kobold brigand (D:6)
  A scorpion (D:7)
  A wight (D:4)
  4 killer bees (D:9)
  3 howler monkeys
  An iguana (D:5)
  Ijyb (D:4)
  A sleepcap (D:4)
  A kobold (D:6)
40 creatures vanquished.

Grand Total: 215 creatures vanquished

Notes
Turn   | Place    | Note
-------+----------+-------------------------------------------
     0 | D:1      | Irreverend the Felid Summoner began the quest for the Orb.
     0 | D:1      | Reached XP level 1. HP: 7/7 MP: 4/4
   218 | D:1      | Reached XP level 2. HP: 11/11 MP: 4/6
   226 | D:1      | Learned a level 2 spell: Call Imp
   647 | D:1      | Found a faded altar of an unknown god.
  1085 | D:2      | Reached XP level 3. HP: 14/14 MP: 2/8
  1091 | D:1      | Learned a level 3 spell: Call Canine Familiar
  1484 | D:2      | Reached XP level 4. HP: 18/18 MP: 9/9
  1493 | D:2      | Learned a level 3 spell: Summon Guardian Golem
  1877 | D:3      | Noticed Grinder
  2115 | D:2      | Reached skill level 3 in Dodging
  2115 | D:2      | Reached skill level 1 in Hexes
  2339 | D:2      | Reached skill level 5 in Summonings
  2556 | D:3      | Reached XP level 5. HP: 12/21 MP: 9/11
  2653 | D:3      | Paralysed by Grinder for 2 turns
  2667 | D:3      | Killed Grinder
  2668 | D:3      | Reached skill level 1 in Fighting
  2668 | D:3      | Reached skill level 4 in Dodging
  2668 | D:3      | Gained mutation: You are covered in thick fur. (AC +2)
                  | [Felid growth]
  2668 | D:3      | Reached XP level 6. HP: 26/26 MP: 12/12
  2892 | D:3      | Found Fufumaw's Weapon Boutique.
  3143 | D:3      | Noticed Jessica
  3149 | D:3      | Killed Jessica
  3390 | D:3      | Found a burning altar of Makhleb.
  3390 | D:3      | Found a radiant altar of Vehumet.
  4239 | D:4      | Noticed Pikel
  4312 | D:4      | Killed Pikel
  4313 | D:4      | Reached skill level 5 in Dodging
  4313 | D:4      | Reached XP level 7. HP: 24/31 MP: 9/14
  4332 | D:4      | Reached skill level 5 in Hexes
  4431 | D:4      | Reached XP level 8. HP: 34/34 MP: 13/16
  4685 | D:4      | Learned a level 4 spell: Summon Lightning Spire
  4736 | D:4      | Found a sparkling altar of Nemelex Xobeh.
  4736 | D:4      | Found a bloodstained altar of Trog.
  4737 | D:4      | Found a glowing silver altar of Zin.
  4737 | D:4      | Found a glowing golden altar of the Shining One.
  4876 | D:4      | Found a large runed translucent door.
  4877 | D:4      | Found a large runed translucent door.
  4880 | D:4      | Noticed JanusIIV's ghost (amateur TrFi)
  4997 | D:4      | Noticed Ijyb
  5038 | D:4      | Killed Ijyb
  5601 | D:4      | Reached skill level 1 in Air Magic
  5621 | D:4      | Killed JanusIIV's ghost
  5622 | D:4      | Reached skill level 6 in Dodging
  5622 | D:4      | Reached skill level 5 in Spellcasting
  5791 | D:5      | Entered Level 5 of the Dungeon
  5791 | D:5      | Noticed Edmund
  5825 | D:5      | Killed Edmund
  5936 | D:5      | Found a staircase to the Ecumenical Temple.
  5942 | Temple   | Entered the Ecumenical Temple
  5993 | Temple   | Became a worshipper of Gozag Ym Sagoz the Greedy
  7760 | D:6      | Reached skill level 7 in Dodging
  7760 | D:6      | Reached XP level 9. HP: 39/39 MP: 18/18
  8031 | D:6      | Found a shimmering blue altar of Sif Muna.
  8310 | D:6      | Reached skill level 5 in Fighting
  8970 | D:6      | Found a shadowy altar of Dithmenos.
  9547 | D:7      | Mangled by a wyvern
  9548 | D:7      | Reached XP level 8. HP: -9/37 MP: 17/18
  9565 | D:7      | Reached skill level 8 in Dodging
  9767 | D:7      | Reached XP level 9. HP: 25/41 MP: 19/19
 10013 | D:7      | Found a flagged portal.
 10213 | Bailey   | Entered a bailey
 10218 | Bailey   | Noticed an orc warlord
 10362 | Bailey   | Found a runed translucent gate.
 10362 | Bailey   | Found a runed translucent gate.
 10375 | Bailey   | Found a runed translucent gate.
 11009 | Bailey   | Killed an orc warlord
 11064 | Bailey   | Acquired 1345 gold pieces
 11068 | Bailey   | Acquired 1358 gold pieces
 11346 | D:8      | Noticed Maggie
 11361 | D:8      | Killed Maggie
 11478 | D:8      | Reached skill level 9 in Dodging
 12163 | D:9      | Noticed a two-headed ogre
 12174 | D:9      | Killed a two-headed ogre
 12175 | D:9      | Reached skill level 5 in Air Magic
 12175 | D:9      | Reached XP level 10. HP: 46/46 MP: 21/21
 12248 | D:9      | Noticed a two-headed ogre
 12283 | D:9      | Killed a two-headed ogre
 12296 | D:9      | HP: 1/46 [steam dragon/ball of steam (11)]
 12300 | D:9      | Engulfed by a steam dragon's steam
 12301 | D:9      | Reached XP level 9. HP: -1/42 MP: 20/20
 12568 | D:9      | Noticed a troll
 12586 | D:9      | Killed a troll
 12593 | D:9      | Noticed a troll
 12610 | D:9      | Killed a troll
 12611 | D:9      | Reached skill level 10 in Dodging
 12645 | D:9      | Killed an orange demon
 12875 | D:9      | Found a shimmering altar of Xom.
 12881 | D:9      | Noticed Amaemon
 12958 | D:9      | HP: 1/43 [constriction (11)]
 12962 | D:9      | Constricted to death by Amaemon
 12963 | D:9      | Reached XP level 8. HP: -3/40 MP: 16/20
 13049 | D:9      | Killed Amaemon
 13050 | D:9      | Reached XP level 9. HP: 43/43 MP: 21/21
 13302 | D:9      | Slain by a steam dragon

Illustrated notes

Levels and vault maps discovered:
D:1:      matt_arrival_los_fun, layout_rooms,
          chequers_ecumenical_altar_simple_redux
D:2:      layout_basic
D:3:      layout_basic, grunt_temple_overflow_lords_of_destruction,
          serial_shops, nicolae_shop_tiny_waterfront, uniq_grinder, uniq_jessica
D:4:      layout_basic, grunt_temple_overflow_cloverleaf,
          ebering_ghost_disaster_area, minmay_manual_moon, uniq_pikel, uniq_ijyb
D:5:      layout_gridville, minmay_temple_entry_fiery, uniq_edmund
D:6:      layout_basic, kennysheep_orc_sif_temple,
          nicolae_dithmenos_through_a_glass_darkly
D:7:      layout_cave_pools, enter_bailey_3, eino_tiny_chamber
D:8:      layout_basic, uniq_maggie
D:9:      layout_loops_cross, xom_confusion_cloud, uniq_amaemon
Temple:   hellmonk_temple_beads

Skill      XL: |  1  2  3  4  5  6  7  8  9 |
---------------+----------------------------+-----
Spellcasting   | 3 4 5 7 |  7.6
Dodging        | 3 4 5 8 10 | 10.1
Hexes          | 1 2 4 5 |  5.0
Summonings     | 5 6 9 8 |  9.0
Fighting       | 1 3 4 7 |  7.4
Air Magic      | 4 5 |  5.8
Stealth        | |  2.6

Action                     |  1- 3 |  4- 6 |  7- 9 | 10-12 || total
---------------------------+-------+-------+-------+-------++-------
  Melee: Unarmed           |     1 |     9 |    20 |       ||    30
         Bite              |       |     2 |     4 |       ||     6
   Cast: Summon Small Mamm |    22 |       |     1 |       ||    23
         Call Imp          |    13 |    16 |     6 |       ||    35
         Call Canine Famil |     6 |    21 |    71 |     3 ||   101
         Summon Guardian G |       |     7 |    64 |     2 ||    73
         Summon Lightning  |       |       |     5 |       ||     5
  Evoke: Wand              |       |       |     2 |       ||     2
    Use: Potion            |       |       |     2 |     2 ||     4
         Scroll            |       |       |     2 |       ||     2
   Stab: Distracted        |       |       |     2 |       ||     2
 Armour: Skin              |     3 |     2 |     5 |       ||    10
  Dodge: Dodged            |    14 |    30 |    84 |     2 ||   130
